AoeStats
← 1847373944

Nomad

509599698Analyzed
4v4 RM · 6d ago on Sep 27, 2026· 32m 52s· 8 players
Game mode
Random Map
Map size
231×231
Population
200
Speed
Normal
Resources
Standard
Victory
Conquest
Starting age
Dark Age
Ending age
Imperial Age
RankedLock teamsTeams togetherTeam positionsShared explorationLock speedFull tech treeHidden civsTurbo modeCheats
Victory
Defeat
🇮🇳 Slavs · India
1394
+4
🇮🇳 Persians · India
1151
+10
🇮🇳 Byzantines · India
939
+18
🇮🇳 Koreans · India
910
+19
🇳🇱 Malay · Netherlands
1049
-14
1027
-13
🇨🇳 Vietnamese · China
1025
-13
🇸🇰 Italians · Slovakia
976
-11
1847373944
5:33 Loom
15:29 Feudal Age
18:28 Stone Mining
21:05 Castle Age
20:22 Fletching
21:48 Gold Mining
26:17 Wheelbarrow
26:01 Double-Bit Axe
26:56 Arson
28:32 Forging
28:22 Scale Mail Armor
28:19 Bodkin Arrow
28:25 Padded Archer Armor
28:40 Bow Saw
28:52 Hand Cart
31:47 Iron Casting
31:27 Chain Mail Armor
WoWMatus
16:14 Feudal Age
16:53 Fishing Lines
17:22 Double-Bit Axe
22:56 Castle Age
21:26 Town Watch
22:16 Wheelbarrow
21:26 Loom
22:06 Stone Mining
22:14 Gold Mining
gvvugts93
14:46 Loom
Bristlak z teba narobi pretlak
8:59 Loom
15:43 Feudal Age
20:57 Castle Age
Nonails
4:58 Loom
12:12 Feudal Age
16:19 Double-Bit Axe
21:06 Castle Age
21:14 Bloodlines
21:14 Scale Barding Armor
24:24 Wheelbarrow
24:36 Husbandry
25:02 Fletching
25:04 Horse Collar
30:51 Light Cavalry
Vadok
9:32 Loom
14:43 Feudal Age
15:32 Double-Bit Axe
16:44 Wheelbarrow
16:11 Man-at-Arms
26:29 Castle Age
28:42 Fletching
29:11 Bow Saw
31:19 Bodkin Arrow
32:52 Ballistics
Mystogan
4:38 Loom
15:14 Feudal Age
19:16 Castle Age
16:58 Horse Collar
17:05 Double-Bit Axe
20:08 Bow Saw
19:59 Heavy Plow
20:47 Wheelbarrow
28:20 Gold Mining
28:24 Stone Mining
28:47 Detinets
29:45 Hand Cart
29:16 Town Watch
33:24 Imperial Age
31:32 Scale Barding Armor
31:41 Forging
32:51 Chain Barding Armor
33:07 Bloodlines
32:57 Husbandry
32:44 Light Cavalry
34:02 Iron Casting
SinisterIssue
6:48 Loom
14:38 Feudal Age
18:10 Double-Bit Axe
22:41 Horse Collar
27:18 Castle Age
28:13 Heavy Plow
28:25 Bow Saw
29:18 Crossbowman
30:04 Thumb Ring
30:01 Gold Mining
30:07 Fletching
30:18 Padded Archer Armor
31:59 Bodkin Arrow
32:20 Leather Archer Armor
Connection lost

Rejoining the realm…

Still unreachable

The connection could not be restored.

Session expired

The server has moved on; the page needs a fresh start.